 Dungeon Crawl Stone Soup version 0.30-a0-924-g0ad0bf95bc (webtiles) character file.

Game seed: 4813513480117834171

20273 ragingrage the Marksmummy (level 12, -20/72 HPs)
             Began as a Mummy Hunter on Mar 23, 2023.
             Was a High Priest of Hepliaklqana.
             Hit by a silver javelin thrown by a minotaur (24 damage)
             ... in a Gauntlet.
             The game lasted 00:20:07 (12561 turns).

ragingrage the Marksmummy (Mummy Hunter)           Turns: 12561, Time: 00:20:08

Health: -20/72     AC: 24    Str: 14    XL:     12   Next: 43%
Magic:  15/18      EV: 11    Int: 10    God:    Hepliaklqana [*****.]
Gold:   471        SH:  0    Dex: 19    Spells: 11/11 levels left

rFire   . . .      SeeInvis .    c - +2 shortbow (elec)
rCold   + . .      Faith    +    (shield currently unavailable)
rNeg    + + +      Spirit   .    p - +2 ring mail {rF+}
rPois   ∞          Reflect  .    k - +0 helmet
rElec   .          Rampage  .    r - +2 cloak
rCorr   .          NoTele   +    a - +2 pair of gloves
Will    +....                    h - +1 pair of boots
Stlth   ++                       x - amulet of regeneration
HPRegen 1.12/turn                J - +4 ring of protection
MPRegen 0.16/turn                t - +4 ring of protection

@: studying Stealth
A: reduced essence, cold resistance 1, negative energy resistance 3, torment
resistance 2, heat vulnerability 1, in touch with death 1, no potions, faith
a: Renounce Religion, Recall Ancestor, Ancestor Identity, Transference, Idealise


You were in a Gauntlet.
You worshipped Hepliaklqana.
Hepliaklqana was extremely pleased with you.
You visited 2 branches of the dungeon, and saw 13 of its levels.
You also visited: Gauntlet.

You collected 818 gold pieces.
You spent 347 gold pieces at shops.

Inventory:

Hand Weapons
 c - a +2 shortbow of electrocution (weapon)
Missiles
 g - 47 poisoned darts
 o - a curare-tipped dart
 q - 5 throwing nets
 C - 3 boomerangs of dispersal
Armour
 a - a +2 pair of gloves (worn)
 h - a +1 pair of boots (worn)
 k - a +0 helmet (worn)
 p - a +2 ring mail of fire resistance (worn)
 r - a +2 cloak (worn)
 D - a +0 cloak of stealth
 H - the +1 pair of gloves "Deovviy" {+Inv rN+}
   (You found it on level 10 of the Dungeon)

   rN:        It protects you from negative energy.
   +Inv:      It lets you turn invisible.
 L - +0 acid dragon scales
Jewellery
 n - a ring of ice
 t - a +4 ring of protection (right hand)
 x - an amulet of regeneration (around neck)
 J - a +4 ring of protection (left hand)
 M - a ring of flight
Wands
 w - a wand of flame (24)
 z - a wand of polymorph (12)
 B - a wand of paralysis (10)
 E - a wand of iceblast (17)
 F - a wand of mindburst (9)
 G - a wand of digging (3)
Scrolls
 b - a scroll of immolation
 d - 2 scrolls of brand weapon
 e - a scroll of fear {unknown}
 f - 2 scrolls of silence
 i - 2 scrolls of summoning
 j - 4 scrolls of enchant weapon
 l - 6 scrolls of vulnerability
 m - 4 scrolls of teleportation
 s - a scroll of poison
 v - 5 scrolls of identify
 y - a scroll of blinking
Miscellaneous
 I - a tin of tremorstones (2/2)


   Skills:
 + Level 3.2 Fighting
 + Level 15.5 Ranged Weapons
 + Level 2.7 Dodging
 - Level 4.0 Stealth
 - Level 8.0 Invocations


You had 11 spell levels left.
You didn't know any spells.
Your spell library contained the following spells:

 Spells                   Type           Power      Damage    Failure   Level
 Apportation              Tloc           0%         N/A       61%         1
 Foxfire                  Conj/Fire      0%         2x1d4     61%         1
 Kiss of Death            Conj/Necr      0%         2d5       61%         1
 Necrotise                Necr           0%         1d4       61%         1
 Slow                     Hex            0%         N/A       61%         1
 Sting                    Tmut/Pois      0%         1d3       61%         1
 Summon Small Mammal      Summ           0%         N/A       61%         1
 Ensorcelled Hibernation  Hex/Ice        0%         N/A       75%         2
 Passwall                 Tmut/Erth      0%         N/A       75%         2
 Poisonous Vapours        Pois/Air       0%         N/A       75%         2
 Call Canine Familiar     Summ           0%         N/A       93%         3
 Confusing Touch          Hex            0%         N/A       93%         3
 Inner Flame              Hex/Fire       0%         N/A       93%         3
 Summon Guardian Golem    Hex/Summ       0%         N/A       93%         3
 Swiftness                Air            0%         N/A       93%         3
 Tukima's Dance           Hex            0%         N/A       93%         3
 Vampiric Draining        Necr           0%         2d6       93%         3
 Dispel Undead            Necr           0%         3d6       100%        4
 Flame Wave               Conj/Fire      0%         2d4       100%        4
 Olgreb's Toxic Radiance  Pois           0%         N/A       100%        4
 Passage of Golubria      Tloc           0%         N/A       100%        4
 Sticky Flame             Conj/Fire      0%         2d3       100%        4
 Agony                    Necr           0%         N/A       100%        5
 Alistair's Intoxication  Tmut/Pois      0%         N/A       100%        5
 Fireball                 Conj/Fire      0%         3d3       100%        5
 Yara's Violent Unravell  Hex/Tmut       0%         3d3       100%        5
 Starburst                Conj/Fire      0%         6d3       100%        6


Dungeon Overview and Level Annotations

Branches:
Dungeon (11/15)            Temple (0/1) D:7            Lair (2/5) D:11
    Orc (0/2) D:10        Gauntlet (1/1)
  Swamp: Lair:2-3    Shoals: Lair:2-3     Snake: Lair:2-3    Spider: Lair:2-3

Altars:
Cheibriados
Dithmenos
Hepliaklqana
Makhleb
Ru
Sif Muna
Trog
Vehumet

Shops:
D:1 !=*:   D:5 :   D:7 (   D:8 :   D:11 *

Portals:
Trove: D:11 (give +6 demon whip)

Annotations:
D:1 exclusion: downstairs
D:2 exclusion: downstairs
D:5 exclusion: downstairs
D:7 exclusion: downstairs
D:9 exclusion: downstairs
D:10 2 transporters, Erica; pigah's ghost, journeyman OpWn
Lair:1 exclusion: downstairs Gauntlet 5 transporters, 3 runed translucent doors


Innate Abilities, Weirdness & Mutations

Your life essence is reduced to manifest your ancestor. (-10% HP)
You are immune to poison.
Your flesh is cold resistant. (rC+)
You are immune to negative energy. (rN+++)
You are immune to unholy pain and torment.
You are vulnerable to heat. (rF-)
You are in touch with the powers of death.
You do not drink.
You have a special connection with the divine. (Faith)


Message History

The minotaur is poisoned.
The minotaur convulses.
The minotaur seems to slow down.
Khalidah hits the minotaur with a +0 flail!
The minotaur throws a silver javelin.
The silver javelin pierces through Khalidah!
The silver javelin pierces through you!!
Fire: c) +2 shortbow (elec)
Aim: a minotaur, wielding a staff of conjuration, wearing a +0 chain mail and quivering silver javelins (severely wounded, blind, very poisoned, slow, ally target, 79% to hit)
You shoot an arrow. Khalidah avoids your attack.
The arrow hits the minotaur but does no damage.
Khalidah barely misses the minotaur.
Fire: c) +2 shortbow (elec)
Aim: a minotaur, wielding a staff of conjuration, wearing a +0 chain mail and quivering silver javelins (severely wounded, blind, very poisoned, slow, ally target, 79% to hit)
You shoot an arrow. Khalidah avoids your attack.
The arrow hits the minotaur but does no damage.
The minotaur hits Khalidah with a staff of conjuration!
Khalidah is destroyed!
Aiming: Iceblast
Aim: a minotaur, wielding a staff of conjuration, wearing a +0 chain mail and quivering silver javelins (severely wounded, blind, very poisoned, slow)
The mass of ice explodes!
The iceblast engulfs the minotaur!
The minotaur is no longer blind.
Aiming: Iceblast
Aim: a minotaur, wielding a staff of conjuration, wearing a +0 chain mail and quivering silver javelins (severely wounded, poisoned, slow)
Okay, then.
As you read the scroll of summoning, it crumbles to dust.
Wisps of shadow whirl around you...
The minotaur hits you with a staff of conjuration!!
* * * LOW HITPOINT WARNING * * *
The minotaur gores you but does no damage.
Your wolf bites the minotaur.
Your golden eye blinks at the minotaur.
The minotaur resists with almost no effort.
Your golden eye blinks at the minotaur.
The minotaur resists with almost no effort.
The minotaur throws a silver javelin.
The silver javelin pierces through your white imp!
Your white imp dies!
Your white imp dissolves into shadows!
The silver javelin pierces through you!!
You die...

#....##...##≈.###+#
#.##.##.⌠.###.#©.+.
#.##......##..###+^ #
#.##.##.⌠.#...#".#. #≈
#.#....##...#.∩.#=?#.
#≈≈.#h#.##.##.©.#...#####
#≈h.(hHG##......#.⌠.....#
#≈≈.#.#.##G##.©.#...#####
# # #G@G.##...#.∩.#[...
#.##.##.⌠.#...#)##.
#.##......##..##.h#
#.##.##.⌠.###.#©##h
#....##...##≈.##..# #####
#.⌠.#≈≈.#$##.
#...##≈.#.... ##.#####
#≈......


You could see a minotaur (poisoned, slow, ally target), 2 friendly wolves and 4
friendly golden eyes.

Vanquished Creatures
  Harold (D:10)
  A centaur warrior (D:10)
  A boulder beetle (Lair:1)
  3 two-headed ogres (D:11)
  Urug (D:11)
  Joseph (D:8)
  A smoke demon (Gauntlet)
  5 cane toads
  2 rime drakes
  Psyche (D:8)
  A komodo dragon (Lair:2)
  A troll (D:10)
  A queen bee (Lair:1)
  3 blink frogs (Lair:1)
  Sigmund (D:4)
  2 wyverns
  A vampire (D:11)
  12 yaks
  3 wraiths
  Grum (D:8)
  An acid dragon (D:11)
  A swamp worm (Gauntlet)
  3 water moccasins (Lair:1)
  3 sky beasts
  A black bear (Lair:1)
  2 orc warriors
  5 ogres
  A centaur (D:11)
  9 wolves
  A phantom (D:6)
  5 kobold brigands
  5 bullfrogs
  2 gnoll sergeants (D:10)
  2 scorpions
  13 killer bees
  An electric eel (D:7)
  3 howler monkeys
  2 crimson imps (Gauntlet)
  2 gnoll boudas
  3 hounds
  An orc priest (D:5)
  2 jellies
  An iron imp (D:10)
  2 sleepcaps
  4 iguanas
  8 orc wizards
  Robin (D:2)
  11 gnolls
  7 adders
  3 white imps
  An ufetubus (Gauntlet)
  3 dart slugs
  28 orcs
  8 ball pythons
  9 endoplasms
  7 giant cockroaches
  12 goblins
  11 hobgoblins
  3 quokkas
  6 bats
  3 frilled lizards
  16 kobolds
  4 rats
259 creatures vanquished.

Vanquished Creatures (collateral kills)
  Nergalle (D:11)
  A sixfirhy (Gauntlet)
  An unseen horror (D:6)
  A blink frog (Lair:1)
  A slime creature (D:7)
  8 yaks
  A swamp worm (Gauntlet)
  2 water moccasins (D:6)
  3 black bears
  A wolf (Lair:1)
  A kobold brigand (D:7)
  A wight (D:7)
  6 killer bees
  A howler monkey (D:7)
  An orc priest (D:4)
  A hound (D:4)
  An orc wizard (D:5)
  An adder (D:2)
  3 gnolls
  2 ufetubi (Gauntlet)
  A dart slug (D:4)
  3 orcs
  A giant cockroach (D:4)
  3 kobolds
46 creatures vanquished.

Vanquished Creatures (others)
  10 knights
  4 ancestors
  5 fungi
  5 plants
24 creatures vanquished.

Grand Total: 329 creatures vanquished

Notes
Turn   | Place    | Note
-------+----------+-------------------------------------------
     0 | D:1      | ragingrage the Mummy Hunter began the quest for the Orb.
     0 | D:1      | Reached XP level 1. HP: 16/16 MP: 1/1
     6 | D:1      | Found Vuehi's Distillery.
   156 | D:1      | Reached XP level 2. HP: 22/22 MP: 2/2
   247 | D:1      | Found Tiubunou's Jewellery Shoppe.
   322 | D:1      | Found Kaomon's Assorted Antiques.
   327 | D:1      | Found Ifoestehua's Book Emporium.
   356 | D:1      | Reached skill level 4 in Ranged Weapons
   472 | D:1      | Gained mutation: You are in touch with the powers of death.
                  | [Mummy growth]
   472 | D:1      | Reached XP level 3. HP: 27/27 MP: 3/3
   518 | D:1      | Reached skill level 1 in Stealth
   790 | D:2      | Noticed Robin
  1407 | D:2      | Killed Robin
  1408 | D:2      | Reached XP level 4. HP: 33/33 MP: 4/4
  2234 | D:3      | Found a faded altar of an unknown god.
  2257 | D:3      | Prayed at the altar of an unknown god.
  2257 | D:3      | Became a worshipper of Hepliaklqana the Forgotten
  2257 | D:3      | Reached * piety under Hepliaklqana
  2732 | D:3      | Identified the +2 glaive of the Eleven Hells {flame, rC++
                  | MP-9 Str+3}
  3253 | D:3      | Reached XP level 5. HP: 34/34 MP: 5/5
  3373 | D:1      | Bought a runed shortbow for 156 gold pieces
  3440 | D:4      | You fall into a shaft and drop 2 floors!
  3467 | D:6      | Noticed a water moccasin
  3472 | D:6      | Killed a water moccasin
  3473 | D:6      | Reached skill level 5 in Ranged Weapons
  3495 | D:5      | Entered Level 5 of the Dungeon
  3498 | D:5      | Reached XP level 6. HP: 39/39 MP: 6/6
  3591 | D:5      | Reached skill level 6 in Ranged Weapons
  3645 | D:6      | Noticed a yak
  3652 | D:6      | Noticed a yak
  3653 | D:6      | Noticed a yak
  3833 | D:5      | Reached ** piety under Hepliaklqana
  3834 | D:5      | Remembered your ancestor Khalidah as a knight
  3907 | D:5      | Found Tunuvatt's Vocational Training.
  4088 | D:5      | Reached skill level 7 in Ranged Weapons
  4088 | D:5      | Reached XP level 7. HP: 45/45 MP: 7/7
  4764 | D:4      | Noticed Sigmund
  4773 | D:4      | Killed Sigmund
  4888 | D:4      | Found a sacrificial altar of Ru.
  4977 | D:4      | Reached skill level 8 in Ranged Weapons
  5184 | D:4      | Reached XP level 8. HP: 50/50 MP: 8/8
  5539 | D:6      | Reached *** piety under Hepliaklqana
  5558 | D:6      | Reached skill level 9 in Ranged Weapons
  5817 | D:6      | Reached skill level 10 in Ranged Weapons
  5836 | D:6      | Killed an unseen horror
  5837 | D:6      | Reached XP level 9. HP: 54/54 MP: 9/9
  5904 | D:6      | Found a shadowy altar of Dithmenos.
  6304 | D:7      | Reached skill level 11 in Ranged Weapons
  6480 | D:1      | Bought a shiny iron wand for 104 gold pieces
  6730 | D:7      | Found a burning altar of Makhleb.
  6742 | D:7      | Found a radiant altar of Vehumet.
  7326 | D:7      | Found Laikuozi's Weapon Emporium.
  7332 | D:7      | Reached **** piety under Hepliaklqana
  7492 | D:7      | Reached skill level 12 in Ranged Weapons
  7643 | D:7      | Found a staircase to the Ecumenical Temple.
  7744 | D:8      | Noticed Maurice
  7757 | D:8      | Maurice changed into Maurice the ogre
  7757 | D:8      | Noticed Maurice
  7758 | D:8      | Killed Maurice the ogre
  7765 | D:8      | Noticed Joseph
  7780 | D:8      | Noticed Grum
  7780 | D:8      | Killed Joseph
  7781 | D:8      | Reached XP level 10. HP: 60/60 MP: 10/10
  7814 | D:8      | Found Olabi's Book Emporium.
  7999 | D:8      | Killed Grum
  8000 | D:8      | Reached skill level 1 in Invocations
  8162 | D:8      | Found a bloodstained altar of Trog.
  8168 | D:8      | Found a hazy altar of Hepliaklqana.
  8283 | D:8      | Noticed Psyche
  8287 | D:8      | Killed Psyche
  8644 | D:9      | Identified the +5 long sword of the Viper {heavy, rC+
                  | Int+2}
  8724 | D:9      | Found a shimmering blue altar of Sif Muna.
  8986 | D:9      | Reached ***** piety under Hepliaklqana
  9318 | D:10     | Entered Level 10 of the Dungeon
  9346 | D:10     | Identified the +1 pair of gloves "Deovviy" {+Inv rN+}
  9346 | D:10     | Noticed a centaur warrior
  9354 | D:10     | Killed a centaur warrior
  9355 | D:10     | Reached skill level 13 in Ranged Weapons
  9383 | D:10     | Noticed Erica
  9448 | D:10     | Noticed a gargoyle
  9533 | D:10     | Noticed Harold
  9552 | D:10     | Killed Harold
  9553 | D:10     | Reached skill level 5 in Invocations
  9860 | D:10     | Reached XP level 11. HP: 64/64 MP: 14/14
  9956 | D:10     | Noticed a centaur warrior
  9957 | D:10     | Noticed pigah's ghost (journeyman OpWn)
  9958 | D:10     | Found a transporter.
  9989 | D:10     | Found a transporter.
 10037 | D:10     | Found a snail-covered altar of Cheibriados.
 10056 | D:10     | Found a staircase to the Orcish Mines.
 10201 | D:11     | Found a staircase to the Lair.
 10203 | D:11     | Noticed Urug
 10210 | D:11     | Killed Urug
 10248 | D:11     | Noticed a two-headed ogre
 10256 | D:11     | Killed a two-headed ogre
 10355 | D:11     | Noticed Nergalle
 10362 | D:11     | Killed Nergalle
 10426 | D:11     | Reached skill level 14 in Ranged Weapons
 10642 | D:11     | Found a portal to a secret trove of treasure.
 10724 | D:11     | Noticed a two-headed ogre
 10728 | D:11     | Killed a two-headed ogre
 10794 | D:11     | Found Utauleoz's Assorted Antiques.
 10803 | D:11     | Bought a scroll labelled JADUT OLYPH for 29 gold pieces
 10803 | D:11     | Bought a scroll labelled NIYSTRU UNISTROK for 29 gold
                  | pieces
 10803 | D:11     | Bought a scroll labelled BAQED ZOSMY for 29 gold pieces
 10887 | D:11     | Noticed a two-headed ogre
 10892 | D:11     | Killed a two-headed ogre
 10963 | Lair:1   | Entered Level 1 of the Lair of Beasts
 11402 | Lair:1   | Reached XP level 12. HP: 67/70 MP: 18/18
 11521 | Lair:1   | Noticed a boulder beetle
 11615 | Lair:1   | Reached skill level 15 in Ranged Weapons
 11695 | Lair:1   | Killed a boulder beetle
 12063 | Lair:2   | Noticed a six-headed hydra
 12188 | Lair:2   | Found a gate leading to a gauntlet.
 12211 | Gauntlet | Entered a Gauntlet
 12211 | Gauntlet | Found a transporter.
 12211 | Gauntlet | Found a transporter.
 12213 | Gauntlet | Found a transporter.
 12213 | Gauntlet | Found a transporter.
 12233 | Gauntlet | Found a transporter.
 12241 | Gauntlet | Found a transporter.
 12245 | Gauntlet | Found a transporter.
 12251 | Gauntlet | Found a runed translucent gate.
 12251 | Gauntlet | Found a runed translucent gate.
 12251 | Gauntlet | Found a runed translucent gate.
 12253 | Gauntlet | Found a transporter.
 12269 | Gauntlet | Noticed a hell hog
 12270 | Gauntlet | Found a transporter.
 12285 | Gauntlet | Found a transporter.
 12289 | Gauntlet | Found a transporter.
 12298 | Gauntlet | Found a transporter.
 12551 | Gauntlet | Noticed a minotaur
 12560 | Gauntlet | HP: 3/72 [minotaur/staff of conjuration (25)]
 12561 | Gauntlet | Hit by a silver javelin thrown by a minotaur

Illustrated notes

Levels and vault maps discovered:
D:1:      minmay_arrival_arboretum_small, layout_loops_cross, serial_shops,
          shop, nicolae_shop_crystal, nicolae_shop_statue_plus,
          nicolae_shop_crystal, minmay_strange_pillars, hangedman_decor_points,
          minmay_misc_feat_ornament, minmay_heptomino_l4
D:2:      layout_loops_corners, uniq_robin
D:3:      layout_rooms, ebering_ecumenical_altar_mist
D:4:      layout_gridville, overflow_temple_1_default,
          kennysheep_generic_room_13, uniq_sigmund
D:5:      layout_basic, nicolae_shop_vocational
D:6:      layout_rooms, grunt_dithmenos_smoke_and_mirrors, minmay_manual_moon
D:7:      nzn_winding_woodlands_three_and_one
          [nzn_winding_woodlands_5x15_garden,
          nzn_winding_woodlands_5x15_pockets,
          nzn_winding_woodlands_5x15_river_crossing,
          nzn_winding_woodlands_center_diamonds], layout_gridville,
          mainiacjoe_overflow_boulevard, mainiacjoe_overflow_small_starburst,
          minmay_temple_entry_enclosed_plants, nicolae_take_the_stairs
D:8:      layout_basic, mainiacjoe_overflow_big_doors, serial_shops, shop,
          uniq_grum, uniq_joseph, uniq_psyche, uniq_maurice
D:9:      layout_loops_cross, mainiacjoe_overflow_alcove_1
D:10:     layout_basic, slow_altar_2, kennysheep_orc_monster_closet_entryway,
          gammafunk_ghost_arena, uniq_harold, uniq_erica
D:11:     layout_irregular_city, lair_entry_dummy, enter_trove_1, serial_shops,
          nicolae_stop_n_shop_2, uniq_urug, uniq_nergalle
Lair:1:   layout_gridlike, special_room [special_room_bee]
Lair:2:   layout_cellular_growth, elwin_shoals_entry_rocks,
          gauntlet_entry_generic
Gauntlet: minmay_gauntlet_77_indecision [minmay_gauntlet_arena_77_fan,
          minmay_gauntlet_arena_77_museum, minmay_gauntlet_arena_77_checkered,
          minmay_gauntlet_arena_77_hold_the_fort,
          minmay_gauntlet_arena_77_braids, minmay_gauntlet_arena_77_run_for_it,
          gauntlet_exit_watery]

Skill      XL: |  1  2  3  4  5  6  7  8  9 10 11 12 |
---------------+-------------------------------------+-----
Ranged Weapons | 4 5 7 8 10 12 13 14 15 | 15.5
Stealth        | 1 2 4 |  4.0
Invocations    | 5 8 |  8.0
Dodging        | 2 |  2.7
Fighting       | 3 |  3.2

Action                     |  1- 3 |  4- 6 |  7- 9 | 10-12 || total
---------------------------+-------+-------+-------+-------++-------
  Melee: Shortbow          |       |     1 |       |       ||     1
   Fire: Shortbow          |   112 |   133 |   259 |   475 ||   979
  Throw: Dart              |       |       |       |    11 ||    11
 Invoke: Recall Ancestor   |       |     1 |       |     6 ||     7
         Ancestor Life: Kn |       |     1 |       |       ||     1
         Idealise          |       |       |       |     4 ||     4
         Transference      |       |       |       |     1 ||     1
  Evoke: Wand              |       |       |     3 |     3 ||     6
    Use: Scroll            |     2 |     5 |     3 |     7 ||    17
 Armour: Leather armour    |    16 |     9 |       |       ||    25
         Ring mail         |       |     1 |    16 |    86 ||   103
  Dodge: Dodged            |    25 |    30 |    19 |    89 ||   163

Table legend: (Time is in decaauts)
 A = Elapsed time spent in this place.
 B = Non-inter-level travel time spent in this place.
 C = Inter-level travel time spent in this place.
 D = Time resting spent in this place.
 E = Time spent auto-exploring this place.
 F = Levels seen in this place.
 G = Mean time per level.
                   A        B        C        D        E       F      G
               +--------+--------+--------+--------+--------+-----+--------+
         Total |  12623 |  11233 |   1390 |   2043 |   6843 |  14 |  901.6 |
       Dungeon |  11063 |   9713 |   1350 |   1809 |   6152 |  11 | 1005.7 |
          Lair |   1215 |   1175 |     40 |    209 |    591 |   2 |  607.5 |
      Gauntlet |    344 |    344 |      0 |     25 |    100 |   1 |  344.0 |
               +--------+--------+--------+--------+--------+-----+--------+

Top non-repeatable levels by time:
     D:2: 1636 daAuts
     D:5: 1382 daAuts
     D:7: 1290 daAuts
     D:3: 1070 daAuts
  Lair:1: 1041 daAuts
     D:1: 912 daAuts
     D:4: 849 daAuts
     D:8: 822 daAuts
    D:11: 793 daAuts
    D:10: 782 daAuts
     D:9: 766 daAuts
     D:6: 755 daAuts
Gauntlet: 344 daAuts
  Lair:2: 174 daAuts
